[Event "89_| Campeonato Brasileiro 2023"]
[Site "Recife"]
[Date "2023.12.18"]
[Round "8.6"]
[White "Filgueiras, Nathan Felipe"]
[Black "Lima, Stefan Moisei VIeir"]
[Result "1/2-1/2"]
[ECO "C55"]
[WhiteElo "2295"]
[BlackElo "2155"]
[PlyCount "109"]
[EventDate "2023.??.??"]
[EventCountry "BRA"]
[TimeControl "90+30"]
[WhiteClock "0:01:20"]
[BlackClock "0:02:04"]

1. e4 e5 2. Nf3 Nc6 3. Bc4 Nf6 4. d3 h6 5. c3 d6 6. Bb3 a5 {[%emt 0:00:00] C55: Two Knights: 4 d3, 4 d4 exd4 5 e5 and Max Lange
Attack.} 7. Nbd2 g6 8. O-O Bg7 9. Re1 O-O 10. d4 $146 ({Predecessor:} 10. Nf1 d5 11. exd5 Nxd5 12. Ng3 f5 13. h3 Kh7
14. Ba4 Nde7 15. Qe2 Bd7 16. Bc2 {0-1 (60) Onischuk,V (2603)-Fedoseev,V (2716)
Riga 2021}) 10... Kh8 11. h3 Bd7 12. Nf1 a4 13. Bc2 Nh5 14. g4 ({White should try} 14.
Be3 $14 ) 14... Nf6 $11 15. dxe5 (15. d5 $11 Ne7 16. Ng3) 15... Nxe5 $15 16. Nxe5 dxe5 17. Be3 Qe7 18. Qf3 Nh7 19. Qg3 Ng5 20. Nd2 Bc6 21. h4 Ne6 22. g5 $2 (22. Nf3 $11 {[%eval -29,25] and White stays
safe.}) 22... f5 $1 $19 23. exf5 (23. gxh6 Bf6 $17) 23... gxf5 24. f4 (24. Qh3 $142 e4 25. Rad1 (25. gxh6 $2 Bf6 $19))
24... exf4 {[%emt 0:00:00][%mdl 64] Overworked Piece} 25. Bxf4 Qc5+ 26. Be3 Qd5 {[%emt 0:01:03] ...f4 is
the strong threat.} 27. Qh3 Rae8 28. Nf1 $2 (28. Rad1 ) 28... f4 29. Bf2 {[%emt 0:01:17] [#]} f3 $2 (
29... Nxg5 $1 $19 30. hxg5 Qxg5+ 31. Kh2 Re3 $1 32. Nxe3 fxe3) 30. Be4 $2 (30. Qg4
$17 {[%eval -158,27] nothing else works.} Nf4 31. Rxe8 Bxe8 32. Rd1) 30... Qb5 31. Bxc6 Qxc6 32. Qg4 {
[%emt 0:00:35] [#]} Nf4 (32... a3 $1 $19 {
[%eval -239,24][%mdl 512] Hoping for ...Nf4.} 33. bxa3 Nf4 34. Rxe8 Qxe8) 33.
Ng3 $2 {[%eval -340,26] [%emt 0:00:43] [#]} (33. gxh6 $17 {[%eval -132,26] was
worth a try.} Bxh6 34. Rxe8 Qxe8 35. Kh1) 33... Nd3 $2 (33... Re2 $1 $19 {[%eval -340,26][%mdl 512] is more deadly.
Threatens to win with ...Rxf2!} 34. Nxe2 (34. Rxe2 fxe2) 34... fxe2) 34. Rxe8 Qxe8 35. Qe4 Qxe4 ({Weaker is} 35... Nxb2 36. gxh6 Bf6 37. Rf1 $11 (37.
Qxf3 Be5 $11) (37. Qxb7 Nd3 $11)) (35... Qd7 $19 {[%eval -165,24] ( -> ...Qh3)}
36. gxh6 Be5) 36. Nxe4 $15 Rf4 37. Rd1 Nxb2 38. Rd8+ $1 Kh7 39. Nf6+ $2 (39. gxh6 $15 Rg4+ 40. Kf1 Kxh6 41. Ng5) 39... Bxf6 $19 40.
gxf6 Rxf6 {[%emt 0:00:34][%mdl 4096] Endgame KRB-KRN} 41. Rd7+ Kg6 42. Rxc7 {[%emt 0:00:16] [#]} Rf7 $2 {
[%eval 0,50] [%emt 0:00:12] [#]} (42... b5 $1 $17 {[%eval -159,27] White must
now prevent ...Rd6.} 43. Rc5 Rf5 44. Rc6+ Kh5) 43. h5+ $1 $11 {[%emt 0:01:19]
[%mdl 512] The position is equal.} Kf6 (43... Kxh5 44. Rxf7)
44. Bd4+ Ke6 45. Rxf7 Kxf7 {
[%emt 0:00:04] KB-KN} 46. Kf2 Nc4 47. Kxf3 Nd6 48. Be3 Nf5 49. Bd2 b5 50. Ke4 Ke6
$1 51. Bf4 Ng7 52. Kd4 {
[%emt 0:00:55] aiming for Kc5.} Nxh5 53. Bxh6 Kd6 54. c4 Kc6 55. cxb5+ {
[%emt 0:00:11] Accuracy: White = 52%, Black = 60%.} 1/2-1/2

[Event "89_| Campeonato Brasileiro 2023"]
[Site "Recife"]
[Date "2023.12.18"]
[Round "8.7"]
[White "Labussiere, Yago"]
[Black "Pinheiro, Iung Alicio"]
[Result "0-1"]
[ECO "A37"]
[WhiteElo "2182"]
[BlackElo "2274"]
[PlyCount "118"]
[EventDate "2023.??.??"]
[EventCountry "BRA"]
[TimeControl "90+30"]
[WhiteClock "0:14:50"]
[BlackClock "0:10:47"]

1. c4 c5 2. Nc3 g6 3. g3 Bg7 4. Bg2 Nc6 5.
Nf3 d6 6. O-O Bf5 7. d3 {[%emt 0:00:00] A37: Symmetrical English vs ...g6:4 Bg2 Bg7 5
Nf3.} Qc8 8. Rb1 Bh3 9. a3 {
[%emt 0:00:00] The position is equal.} h5 10. Bxh3 Qxh3 11. Ng5 Qd7 12.
h4 Nh6 13. Kg2 $146 ({
Predecessor:} 13. Nd5 e6 14. Nf4 O-O-O 15. b4 b6 16. Qa4 Nd4 17. Qxd7+ Rxd7 18.
e3 Nc6 19. Bd2 {1-0 (90) Pham,K (2376)-Bodnar,N (2441) Chess.com INT 2022})
13... Nf5 14. Bd2 (14. e4 $5 Nfd4 15. Be3 $11) 14... O-O 15. b4 b6 16. Nf3 Ncd4 17. Nxd4 (17. Ng5 {is interesting.} e6 18. e4 Ne7 19. Ne2 Nxe2 20. Qxe2
Nc6 21. Nf3) 17... cxd4 18. Ne4 Rac8 19. Qb3 Be5 20. b5 e6 21. Ng5 ({Better is
} 21. Bf4 $14 Bg7 22. a4) 21... Qb7+ 22. Nf3 Bg7 (22... Bf6 {seems wilder.} 23. Kh2 e5 24.
Bg5 Bg7 25. Bd2 Rce8) 23. Kg1 Rfe8 24. Rfe1 Bf6 25. Bg5 Bg7 26. Bd2 Rc7 27. a4 Rec8 28. Rbc1 Bf6 29. Rc2 e5 30. Rec1 Re8 31. Kf1 $2 (31. Bg5 $1 $11 {[%eval 18,28]
and White stays safe.} Bg7 32. a5) 31... e4 $19 32. dxe4 Qxe4 33. Bf4 {[%eval -215,25] [%emt 0:00:30] 
[#]} (33. Ng1 $17 ) 33... Bxh4 (33... Nxh4 $1 $19 {[%eval -215,25][%mdl 512] is more deadly.} 34. Rd2 (34.
Nxh4 Qh1#) 34... Nxf3 35. Qxf3 Qe6) 34. Qd3 $17 Bf6 35. Qxe4 $1 Rxe4 36. Ra2 (36. a5 $1 $15 ) 36... h4 37. a5 hxg3 38. fxg3 Be5 (38... Kg7 $17 {[%eval -140,24] And now ...
Be5 would win.} 39. axb6 axb6) 39. axb6 axb6 40. Ra8+ $2 (40. Bxe5 $1 $15 dxe5 41. Kf2) 40... Kg7 $19 41. Bxe5+ dxe5 42. Kf2 Nd6 43. Rb8 (43. c5 $142 bxc5 44. b6) 43... Rxc4 44. Rxc4 Nxc4 {
[%emt 0:00:30][%mdl 4096] Endgame KRN-KRN} 45. Rb7 Re3 46. Ng5 Nd6 47. Rxb6 {
[%emt 0:00:30] [#]} Ne4+ (47... Kh6 $142 $1 48. Rxd6 Kxg5) 48. Nxe4 Rxe4 {
[%emt 0:00:30] KR-KR} 49. Rc6 (49. Rb7 {
[%eval -206,31] is the only way for White.}) 49... Re3 50. b6 Rb3 51. e3 $2 (51. Kg2 Kh6 52. Rc5) 51... dxe3+ {[%emt 0:00:30] Black is
clearly winning.} 52. Ke2 f5 53. Re6 e4 54. g4 Kf7 55. Re5 Kf6 56. Re8 Rxb6 57. Kxe3 Rb3+ 58. Ke2 Kg5 59. gxf5 gxf5 {[%emt 0:
00:30] Accuracy: White = 45%, Black = 65%.} 0-1

[Event "89_| Campeonato Brasileiro 2023"]
[Site "Recife"]
[Date "2023.12.18"]
[Round "8.8"]
[White "Mekhitarian, Krikor Sevag"]
[Black "Gauche, Charles"]
[Result "1-0"]
[ECO "C62"]
[WhiteElo "2559"]
[BlackElo "2142"]
[PlyCount "73"]
[EventDate "2023.??.??"]
[EventCountry "BRA"]
[TimeControl "90+30"]
[WhiteClock "0:04:48"]
[BlackClock "0:32:06"]

1. e4 e5 2. Nf3 Nc6 3. Bb5 Nf6 4. O-O d6 5. d4 Bd7 6. Nc3 exd4 7. Nxd4 Nxd4 8.
Bxd7+ Qxd7 9. Qxd4 Be7 10. b3 O-O {[%emt 0:00:00] C62: Ruy Lopez:
Steinitz Defence.} 11. Bb2 c6 12. Rad1 Qe6 {[%emt 0:00:00] White is slightly better.} 13. Rfe1 Rfd8 14. h3 Ne8 $146 ({Predecessor:} 14... a5 15. Qe3 h6 16. f4 b5 17. Qf3 Qd7 18.
e5 Qa7+ 19. Kh2 dxe5 20. fxe5 Qc7 21. Qg3 Nd5 22. Ne4 g6 23. c4 bxc4 24. bxc4
Nb6 25. Nd6 Rab8 26. Nxf7 {1-0 (26) Lukacs,A (1929)-Vitalyos,M (2076) Budapest
2018}) 15. f4 Bf6 16. Qf2 Qe7 17. a4 a5 18. Rd3 Qc7 19. Ba3 Bxc3 20. Rxc3 Nf6 (20... Rd7
$16 {[%eval 142,27] was necessary.} 21. Bb2 Re7) 21. Rg3 $18 Kh8 22. Bb2 {[%emt 0:00:00] Strongly threatening Rxg7!} Qe7 $2
{[%eval 496,25] [%emt 0:00:00] [#]} (22... Rg8 23. e5 Nd5) 23.
Rxg7 $3 Kxg7 24. Qh4 {[%emt 0:00:
00] aiming for Qg5+.} h6 {[%emt 0:00:00] ...d5 is the strong threat.} 25. Re3 Rg8 26. Bxf6+ Qxf6 27. Rg3+ Qg6 28. Rxg6+ fxg6 {[%emt 0:00:00][%mdl 4096] Endgame KQ-KRR} 29. Qe7+ {[%emt 0:00:07]
[%mdl 64] [#] Double Attack. White is clearly winning.} Kh8 30. Qxd6 Rg7 31. e5 Re8 32. g4 Kh7 33. e6 Rge7 34. f5 {[%emt 0:00:30] And now f6 would win.} h5 35. Kf2 hxg4 36. hxg4 gxf5 37. gxf5 {[%emt 0:00:30] Accuracy: White
= 84%, Black = 27%.} 1-0

[Event "89_| Campeonato Brasileiro 2023"]
[Site "Recife"]
[Date "2023.12.19"]
[Round "9.1"]
[White "Supi, Luis Paulo"]
[Black "Quintiliano Pinto, Renato Rodrigues"]
[Result "1/2-1/2"]
[ECO "B92"]
[WhiteElo "2579"]
[BlackElo "2489"]
[PlyCount "78"]
[EventDate "2023.??.??"]
[EventCountry "BRA"]
[WhiteTeam "BRA"]
[BlackTeam "BRA"]
[TimeControl "90+30"]
[WhiteClock "0:09:42"]
[BlackClock "0:06:32"]

1. e4 c5 2. Nf3 d6 3. d4 cxd4 4.
Nxd4 Nf6 5. Nc3 a6 6. Be2 e5 7. Nb3 Be7 8. Be3 Be6 9. Nd5 Nbd7 10. Qd3 O-O 11.
O-O Bxd5 12. exd5 Rc8 13. c4 a5 {[%emt 0:00:00] B92: Sicilian
Najdorf: 6 Be2.} 14. Kh1 Re8 15. Rad1 Bf8 {[%emt 0:00:00] The position is equal.} 16. Nd2 g6 17. b3 Bg7 18. a3 h5 19. b4 $146 ({Predecessor:} 19. f3 b6 20. b4 axb4 21. axb4 e4 22. fxe4 Ne5
23. Qb3 Neg4 24. Bg5 Qd7 25. Qb1 {1-0 (72) Short,N (2645)-Cheparinov,I (2713)
Wijk aan Zee 2008}) 19... Ng4 (19... axb4 $11 {
[%eval 15,30] remains equal.} 20. axb4 e4) 20. Bxg4 $1 $16 hxg4 21. Ne4 Bf8 22. c5 {
[%emt 0:00:00] aiming for Bg5.} f5 23. Nxd6 (23. Ng5 $16 ) 23... Bxd6 $11 24. cxd6 axb4 25. axb4 Qf6 26. Qb5 Qxd6 27. Rc1 Rxc1 28. Rxc1 Nf6 29. Qxb7 {[%emt 0:00:00] [#] Black must now prevent Rc7.} Qxd5 30. Qa6 Rd8 31. Re1 (31. Qxf6 $2 {[#] gets mated.} Qd1+ $1 32. Rxd1 Rxd1#)
31... Rd6 32. Qc8+ Rd8 33.
Qa6 Rd6 34. Qc8+ Kf7 35. Bc5 Rd8 36. Qc7+ Rd7 37. Qb8 Rd8 38. Qc7+ Rd7 39. Qb8 Rd8 {[%eval 0,62] [%emt 0:00:08] Accuracy: White = 60%, Black = 74%.} ({
Black should play} 39... f4 $1 $15 ) 1/2-1/2

[Event "89_| Campeonato Brasileiro 2023"]
[Site "Recife"]
[Date "2023.12.20"]
[Round "10.3"]
[White "Tomiello, Lucas Costamilan"]
[Black "Fier, Alexandr"]
[Result "1/2-1/2"]
[ECO "B15"]
[WhiteElo "2300"]
[BlackElo "2545"]
[PlyCount "116"]
[EventDate "2023.??.??"]
[EventCountry "BRA"]
[WhiteTeam "BRA"]
[BlackTeam "BRA"]
[TimeControl "90+30"]
[WhiteClock "0:03:45"]
[BlackClock "0:23:36"]

1. e4 c6 2. d4 d5 3. Nc3 dxe4 4. Nxe4 Nf6 5. Nxf6+ exf6 6. c3 Bd6 7. Bd3 O-O 8. Qc2 Re8+ {[%emt 0:00:
00] B15: Caro-Kann: 3 Nc3:3...g6 and 3...dxe4 4 Nxe4 Nf6 5 Nxf6+ exf6.} 9. Ne2 h5 10. Be3 Nd7 {[%emt 0:00:
00][%cal Bb8d7,Bd7b6,Bb6d5][%mdl 32] White has an edge.} 11. O-O-O b5 {[%emt 0:00:00][%cal Bb7b5,Bb5b4][%mdl 32] [#]} 12. Ng3 (12. d5 $1 $14 ) 12... Nb6 $11 13. Kb1 (13. Nxh5 $11 Bg4 14. Ng3) 13... Nd5 $15 14. Bc1 (
14. Nxh5 Bg4 $17) 14... Rb8 15. Ne4 $146 (15. Bd2 $15 ) ({Predecessor:} 15. Rde1 b4 16.
Rxe8+ Qxe8 17. Ne4 Bc7 18. Re1 Qd8 19. Qe2 bxc3 20. Qxh5 cxb2 21. Bd2 g6 22.
Qf3 Ba5 23. Bc2 Bxd2 24. Nxd2 Qa5 25. Re8+ Kg7 26. Nb3 Qa3 {0-1 (26) Toczek,G 
(2296)-Giri,A (2774) Terme Catez 2021}) 15... b4 $1 $17 16.
Nxd6 Qxd6 17. Ka1 Be6 18. h3 (18. c4 $17 b3 19. Qd2 (19. axb3 $2 Nb4 $19)) 18... bxc3 $19 19.
bxc3 Qc7 20. g4 (20. Bd2 $17 {[%eval -132,33] might work better.}) 20... h4 (20... c5 $1 $19 {[%eval -200,23] is more deadly.} 21. f4
Nxf4 22. Bxf4 Qxf4 {[%mdl 64] Double Attack}) 21. Rhe1 (21. g5 $17 {[%eval -71,27] was necessary.}) 21... c5 22. Be3 (22. g5 $17 ) 22...
cxd4 (22... Qa5 $19 {[%eval -256,27] and
Black stays clearly on top.} 23. dxc5 Nxe3 24. Rxe3 Qxc5) 23. Bxd4 $17 Rec8 (23... Nf4 $142 24. Bf1 Red8) 24. Bh7+ Kh8 25. Bf5 {[%emt 0:00:00] [#]} Bxf5 ({
Much worse is} 25... Nxc3 $6 26. Rc1 $11) (25... Nf4 $1 $17 )
26. gxf5 $11 Qa5 27. Rb1 (27. Re4 $11 Rc6 28. Rg1 (28. Rxh4+ Kg8 $15)
28... Nxc3 29. Bxc3 Rxc3 {[%mdl 64] Double Attack} 30. Qd2) 27... Rxb1+ $15 28. Rxb1 Ne7 29. Qd3 (29. Qe2 $1 $15 Nxf5 {[#]} 30.
Bxf6 $1 (30. Qh5+ Kg8 $17)) 29... Qxf5 ({Black should try} 29... Kg8 $17 30. Rb7 Qxf5 31. Qxf5
Nxf5) 30. Qxf5 $11 {[%emt 0:00:00] The position is equal.} Nxf5 31. Bxa7 Rxc3 $17 {[%emt 0:00:00][%mdl 4096] Endgame KRB-KRN
} 32. Rb3 Rc4 33. Kb2 Kh7 34. Rc3 Ra4 35. Bc5 g5 36. Kb3 Ra8 37.
a4 Ng7 38. Bb6 Ne6 39. a5 f5 40. Kb4 Kg6 41. Kb5 g4 42. a6 Ng5 43.
hxg4 fxg4 44. a7 Ne4 45. Rc6+ f6 46. Ka6 h3 47. Rc1 Kg5 48.
Kb7 Rxa7+ 49. Bxa7 Kf4 50. Kc6 Kf3 51. Kd5 Nxf2 52. Bb8 f5 53.
Ke6 Kg2 54. Kxf5 h2 55. Bxh2 Kxh2 56. Rc8 g3 57. Rg8 g2 58. Rxg2+ Kxg2 {[%emt 0:00:02] Accuracy: White = 73%, Black
= 74%.} 1/2-1/2

[Event "89_| Campeonato Brasileiro 2023"]
[Site "Recife"]
[Date "2023.12.20"]
[Round "10.4"]
[White "Mekhitarian, Krikor Sevag"]
[Black "Lima, Stefan Moisei VIeir"]
[Result "1-0"]
[ECO "A16"]
[WhiteElo "2559"]
[BlackElo "2155"]
[PlyCount "121"]
[EventDate "2023.??.??"]
[EventCountry "BRA"]
[WhiteTeam "BRA"]
[BlackTeam "BRA"]
[TimeControl "90+30"]
[WhiteClock "0:03:49"]
[BlackClock "0:01:42"]

1. Nf3 Nf6 2. c4 g6 3. Nc3 d5 4. cxd5 Nxd5 5. h4 Bg7 6. h5 {[%emt 0:00:00] A16:
English Opening: 1...Nf6 with ...d5.} O-O (6...
Nc6 $14 ) 7. hxg6 hxg6 8. Qb3
{[%emt 0:00:00] White is better.} Nb6 9. g3 $146 ({Better is} 9. d4 $14 ) ({Predecessor:} 9.
d4 Nc6 10. d5 Na5 11. Qb5 Nac4 12. e4 c6 13. Qc5 cxd5 14. exd5 Bf5 15. Qb4 {
0-1 (22) Glavina,P (2411)-Shahade,G (2476) Chess.com INT 2021}) 9... c5 $11 10. d3 Nc6 11. Bg2 Bg4 12. Be3 (12. Qd1
$11 ) 12... Bxf3 (12... Nd4 $1
$15 13. Bxd4 cxd4) 13. Bxf3 Nd4 14. Bxd4 $1 Qxd4 15. Rh4 Qe5 16. a4 Rab8 17. Re4 Qg5 18. Rg4 $36 {
[%emt 0:00:00][%mdl 2048] White fights for an advantage.} Qe5 19. a5 c4 (19... Nd7 $1 $14 ) 20. Qb4 $16 ({But not} 20. dxc4 $6 Nd7 $14)
20... Nc8 21. Rxc4 Nd6 22.
Rc5 Qd4 (22... Qe6 $16 ) 23. Qxd4 Bxd4 24. Rc7 Rfc8 25. Rxc8+ Rxc8 26. Ra3 e6 27. e3 Bf6 28. Kd2 Kf8 29. a6 b6 30. Ra4 Bd8 (30... Bxc3+ $16 31. bxc3 Rc5) 31. Rd4 Be7 32. Bg2 Rc5 (32... b5 $142 ) 33. Ra4 Nb5 34. d4 Nxc3 35. bxc3 $18
{[%emt 0:00:05][%mdl 4096] Endgame KRB-KRB} Rc7 (35... Rf5 {[%eval 164,35] keeps fighting.}) 36. Kd3 Bd6 37. Rc4 $2 (37. Ra1 $18 ) 37... Ke7 {[%eval 182,30] [%emt 0:02:23] [#]} (37... Rxc4 $14 38. Kxc4 Ke7) 38. Rxc7+ ({
White has to play} 38. Ra4 $1 $18 ) 38... Bxc7 {[%emt 0:00:04]
KB-KB} 39. Kc4 Kd6 40. Kb5 Bd8 41. e4 g5 42. e5+ Kd7 43. Bh3 f6 {[%eval 76,42]
[%emt 0:03:43] [#]} (43... Be7 $11 {[%eval 24,47] keeps the balance.}) 44. f4
$1 $16 gxf4 45. gxf4 {[%emt 0:00:02] Hoping
for d5.} fxe5 $2 (45... f5 $16 ) 46. fxe5 $18 Bg5 47. Kc4 Bf4 (47... Ke7 $142 48. Kd3 b5) 48. Bg4 Bg3 49. Bd1 Be1 50. Ba4+ Ke7 51. Kd3 Bf2 52. Ke4 Be1 53. c4 Bc3 54. d5 exd5+ 55. cxd5 Bb4 56. Bb5 Ba3 57. Kd3 Bb2 58. d6+ {[%emt 0:00:42]
White mates.} Ke6 59. Bc4+ Kd7 60. Ke4 Kc6 {[%emt 0:00:19] [#]} 61. Bb5+ $1 {[%emt 0:00:
17][%mdl 576] Promotion. Accuracy: White = 75%, Black = 49%.} 1-0

[Event "89_| Campeonato Brasileiro 2023"]
[Site "Recife"]
[Date "2023.12.20"]
[Round "10.5"]
[White "Di Berardino, Diego Rafael"]
[Black "Pinheiro, Iung Alicio de O."]
[Result "1-0"]
[ECO "E48"]
[WhiteElo "2477"]
[BlackElo "2274"]
[PlyCount "69"]
[EventDate "2023.??.??"]
[EventCountry "BRA"]
[WhiteTeam "BRA"]
[BlackTeam "BRA"]
[TimeControl "90+30"]
[WhiteClock "0:08:41"]
[BlackClock "0:00:51"]

1. d4 Nf6 2. c4 e6 3. Nc3 Bb4 4. e3 O-O 5. Bd3 d5 6. Nge2 Re8 7. O-O {
[%emt 0:00:00] E48: Nimzo-Indian: Rubinstein: 5 Bd3 d5 including 6 Ne2, but
excluding 6 a3.} b6 8. e4 dxe4 $1 9. Nxe4 {[%emt 0:00:00] White is slightly better.} Nbd7 10. Qc2 Be7 11. c5 $146 ({
Predecessor:} 11. b3 Bb7 12. Bb2 a5 13. N2c3 g6 14. Rad1 Bf8 15. Rfe1 Bg7 16.
a3 Nh5 17. Bf1 {1/2-1/2 (43) Kalogridis,A (2280)-Ioannidis,E (2500)
Thessaloniki 2022}) 11... Nf8 (11... a5 $11 {
[%eval 9,29] keeps the balance.}) 12. Rd1 Nd5 $1 13. a3 a5 14. N2c3 (14. Bb5 $1 $14 ) 14... Ba6 $11 15.
Nb5 f5 16. Ng3 c6 17. Nc3 Bxd3 18. Rxd3 b5 19. Bd2 (19. Nxd5 $11 Qxd5 20. Bf4) 19... Ng6 20. Re1 a4 (20... Bf6 {is more complex.} 21. Nh5 Ra7 22. Nxf6+ Nxf6
23. Bg5 h6) 21. Rxe6 Ndf4 (
21... b4 $11 {[%eval 0,32] remains equal.} 22. Nxd5 (22. Nxa4 Ngf4 $15) 22...
Qxd5) 22. Rxg6 ({White should play} 22. Bxf4 $1
$16 Nxf4 23. Rxc6) 22... Nxd3 $2 {[%eval 136,30] [%emt 0:00:00]
[#]} (22... Nxg6 $11 23. Nxf5 Qd7) 23. Rxg7+ $1 $16 Kxg7 24. Nxf5+ Kh8 25. Qxd3 Bxc5 26. Ne4 {
[%emt 0:00:00] Bc3 is the strong threat.} Bf8 {[%emt 0:00:30] [#]} 27. d5 (27. Bc3 $1 $16 Rxe4 28. Qxe4 (
28. d5+ Kg8 $11)) 27... Rxe4 $1 $11 28. Bc3+ Kg8 29. Qxe4 $40 {[%emt 0:00:05][%cal Re4e6][%mdl 128] White
mounts an attack.} Qxd5 30. Qg4+ Kf7 31. h4 Ke8 32. Ne3 Qf7 33. Qe4+ {[%emt 0:00:30][%mdl 64] Double Attack}
Kd7 34. Ng4 $1 {[%emt 0:00:30][%cal Rg4e5] Hoping for Ne5+.}
Be7 $2 (34... Bd6 $11 ) 35. Ne3 $2 {[%eval -65,31] [%emt 0:00:10][%mdl 32768] Accuracy: White = 63%,
Black = 69%. . Loss on time!?} ({Only move:} 35. Ne5+ $18 Ke8
36. Qxc6+ {[%mdl 64] Double Attack} Kf8 37. Nxf7) 1-0

[Event "89_| Campeonato Brasileiro 2023"]
[Site "Recife"]
[Date "2023.12.20"]
[Round "10.6"]
[White "Matsuura, Everaldo"]
[Black "Aranha Filho, Alvaro Z."]
[Result "1-0"]
[ECO "A13"]
[WhiteElo "2418"]
[BlackElo "2182"]
[PlyCount "74"]
[EventDate "2023.??.??"]
[EventCountry "BRA"]
[WhiteTeam "BRA"]
[BlackTeam "BRA"]
[TimeControl "90+30"]
[WhiteClock "0:07:07"]
[BlackClock "0:27:58"]

1. c4 e6 2. Nf3 d5 3. e3 Nf6 4. Nc3 Be7 5. b3 O-O 6. Bb2 c5 7. cxd5 Nxd5 8. Nxd5 Qxd5 9. Bc4 Qd8 10. O-O {[%emt 0:00:00] A13: English Opening: 1...
e6.} Nc6 11. Qc2 Bf6 $146 (11... Bd7 $14 ) ({Predecessor:} 11... b6 12.
Rfd1 Bf6 13. d4 Qe7 14. dxc5 Bxb2 15. Qxb2 bxc5 16. Bd3 Bb7 17. Be4 Rfd8 {
1/2-1/2 (36) Gukesh,D (2563)-Visakh,N (2516) Chess.com INT 2020}) 12. Bxf6 $1
$16 {[%emt 0:00:00] White is better.} Qxf6 13. Bd3 h6 (13... b6 $16 ) 14.
Qxc5 Rd8 15. Be4 Bd7 16. Qc3 (16. d4 $18 ) 16... Qe7 (16... Qxc3 $16 17. dxc3 f5) 17. d4 $18 Rac8 18. Qb2 f5 19. Bxc6 (
19. Bc2 $142 ) 19... Bxc6 $16 20. Ne5 Be4 {[%emt 0:00:00] next ...Rc2 is good for Black.} 21. Rac1 Qg5 {[%emt 0:00:00][%csl Ge4][%cal Rg5g2] [#]} 22. g3 $1 Qh5 23. Rc3 Rxc3 (23... a5 $16 24. f3 Bd5 25. Rxc8 Rxc8)
24. Qxc3 $18 Bd5 25. f3 Qe8 26. Qd3 b5 (
26... a5 $16 {[%eval 147,33] was worth a try.} 27. Rf2 Qe7) 27. Rc1 Rc8 {[%eval 248,25] [%emt 0:00:00] [#]} (27... a5 {[%eval 187,31]
keeps fighting.} 28. Qd2 b4) 28. Rc5 $1 Rxc5 29. dxc5 Qb8 30. Qd4 Qb7 31. Kf2 b4 32. h4 h5 $2 (32... Qa6 {[%eval 189,30] might
work better.}) 33. Ng6 Kf7 (
33... Qa6 $142 34. Qd2 Qa5) 34. Nf4 Bxf3 35. Qe5 Qc6 {[%eval 571,41] [%emt 0:00:00] [#]
} (35... Qa6 {[%eval 377,35] is a better defense.} 36. Qc7+ Kg8) 36. Nxe6 $1 Qd5 (36... Qxe6 37. Qxe6+) 37. Ng5+
{[%emt 0:00:21][%mdl 64] Double Attack} Kg8 {[%emt 0:00:00] Accuracy: White =
73%, Black = 34%.} 1-0

[Event "89_| Campeonato Brasileiro 2023"]
[Site "Recife"]
[Date "2023.12.20"]
[Round "10.7"]
[White "Casalaspro, Mathias Andre"]
[Black "Molina, Roberto Junio Brito"]
[Result "0-1"]
[ECO "B21"]
[WhiteElo "2054"]
[BlackElo "2381"]
[PlyCount "58"]
[EventDate "2023.??.??"]
[EventCountry "BRA"]
[WhiteTeam "BRA"]
[BlackTeam "BRA"]
[TimeControl "90+30"]
[WhiteClock "0:28:25"]
[BlackClock "0:27:58"]

1. e4 c5 2. d4 cxd4 3. Qxd4 Nc6 4. Qd3 Nf6 5. Nc3 e6 6. Bf4 {[%emt 0:00:00] B21: Sicilian: 2 f4 and Morra Gambit.}
Bb4 7. Bd6 $146 ({Predecessor:} 7. Nge2 O-O
8. O-O-O d5 9. exd5 exd5 10. Nxd5 Nxd5 11. Qxd5 Qe7 12. Bd6 Bxd6 13. Qxd6 {
1/2-1/2 (69) Shimanov,A (2581)-Caruana,F (2766) Chess.com INT 2023}) 7... Bxd6 8. Qxd6 {[%emt 0:00:00] The position is equal.} Qe7 9. O-O-O Qxd6 10. Rxd6 Ke7 11. Rd2 d6 12. f3 a6 13. a4 Bd7 14. Nh3 Rhc8 15. Be2 (15. b3 $11 ) 15... Ne5 (
15... e5 $15 ) 16. f4 (16. Rhd1
$11 {[%eval 8,31] should be considered.}) 16... Ng6 17. Bf3 $1 Bc6 18. Rhd1 Nd7 (18... Ne8 $11 {[%eval 25,31] keeps the balance.}) 19.
Rd4 ({Better is} 19. Rxd6 $16 Nh4 20. a5) 19... e5 $14 20. fxe5 dxe5 21. R4d2 $1 Nc5 22. Nd5+ (22. a5 $1 $14 ) 22... Bxd5 $11 23. exd5 $2 {[%eval -227,22] [%emt 0:00:00] [#]} (23. Rxd5 $15 f6 24. b4 Nxa4 25. Rd7+ Kf8 26. Rxb7) 23... Kd6 $2 (23... Nb3+ $1 $19 24. Kb1 Nxd2+ 25.
Rxd2 Rd8) 24. Ng5 (24. Re2 $17 {[%eval -72,28]
is a better defense.}) 24... Rc7 (24... Nb3+
$19 25. Kb1 Nxd2+ 26. Rxd2 f5) 25. Ne4+ (25. Kb1 $15 ) 25... Nxe4 $19 26. Bxe4 Ne7 (26... Rc4 $142 27. Bxg6 hxg6) 27. Rf1 Rc4 28. Bxh7 (28. Re2 $15 f5 29.
Bxf5) 28... Rxa4 $17 29. c3 {[%eval -254,26] 
[%emt 0:00:00] [#]} (29. Kb1 $17 Rh8 30. b3) 29... e4 $2 {
[%eval 44,26] [%emt 0:00:00][%mdl 32768] Accuracy: White = 34%, Black = 43%. .
Loss on time!?} ({Black should try} 29... f5 $1 $19 30. Kc2
g6 31. Bxg6 Nxg6 32. Rxf5 Rf8) 0-1